TOP OF THE 1ST |
Montreal Expos batting - Pitching for New York Yankees : LHP Arturo Eli
|
Pitching: LHP Arturo Eli
|
|
Batting: RHB Robby Juarez
|
0-0: Called Strike 0-1: Called Strike 0-2: Ball 1-2: Strikes out looking
|
Batting: RHB John Ham
|
0-0: Foul Ball, location: 2F 0-1: Ball 1-1: Called Strike 1-2: Ground out 6-3 (Groundball, 6M, EV 105.0 MPH)
|
Batting: RHB Mike Salmon
|
0-0: Ball 1-0: SOLO HOME RUN (Flyball, 89XD, EV 98.8 MPH), Distance : 399 ft
|
Batting: RHB Steve French
|
0-0: Ball 1-0: Called Strike 1-1: Foul Ball, location: 2F 1-2: Foul Ball, location: 2F 1-2: Ball 2-2: Foul Ball, location: 2F 2-2: Ball 3-2: Base on Balls
|
Batting: LHB Austin Ohmer
|
0-0: Ball 1-0: Called Strike 1-1: Foul Ball, location: 2F 1-2: Ball 2-2: Ball 3-2: SINGLE (Groundball, 4D, EV 100.0 MPH) Steve French to second Steve French to third
|
Batting: RHB Tommy Mize
|
0-0: Called Strike 0-1: Fly out, F8 (Line Drive, 8RD, EV 96.2 MPH)
|
Top of the 1st over - 1 run, 2 hits, 0 errors, 2 left on base; Montreal 1 - New York 0 |
BOTTOM OF THE 1ST |
New York Yankees batting - Pitching for Montreal Expos : RHP Jose Robles
|
Pitching: RHP Jose Robles
|
|
Batting: LHB Jordan de Jesus
|
0-0: Ball 1-0: Called Strike 1-1: Called Strike 1-2: Foul Ball, location: 2F 1-2: Foul Ball, location: 2F 1-2: Ball 2-2: Ball 3-2: Ground out U3 (Groundball, 34, EV 92.5 MPH)
|
Batting: RHB Henri Cederberg
|
0-0: Fly out, F8 (Flyball, 8RS, EV 85.0 MPH)
|
Batting: LHB Jim Skare
|
0-0: Foul Ball, location: 2F 0-1: Called Strike 0-2: Ball 1-2: Fly out, F7 (Flyball, 7LM, EV 74.4 MPH)
|
Bottom of the 1st over - 0 runs, 0 hits, 0 errors, 0 left on base; Montreal 1 - New York 0 |
TOP OF THE 2ND |
Montreal Expos batting - Pitching for New York Yankees : LHP Arturo Eli
|
Batting: RHB Tommie Eaton
|
0-0: Foul Ball, location: 2F 0-1: Ground out 5-3 (Groundball, 5, EV 81.9 MPH)
|
Batting: RHB Shigem Kubo
|
0-0: Ball 1-0: Ball 2-0: SINGLE (Line Drive, 89M, EV 85.0 MPH)
|
Batting: SHB Joey Pacheco
|
0-0: Called Strike 0-1: Ball 1-1: Swinging Strike 1-2: Strikes out swinging
|
Batting: RHB Robby Juarez
|
0-0: Ball 1-0: Ball Shigem Kubo steals 2nd base 2-0: Foul Ball, location: 2F 2-1: Ball 3-1: Base on Balls
|
Batting: RHB John Ham
|
0-0: Ball 1-0: Ball 2-0: Called Strike 2-1: Foul Ball, location: 2F 2-2: Ball 3-2: Base on Balls Shigem Kubo to third Robby Juarez to second
|
Batting: RHB Mike Salmon
|
0-0: Ball 1-0: Ball 2-0: Ball 3-0: Base on Balls Shigem Kubo scores Robby Juarez to third John Ham to second
|
Batting: RHB Steve French
|
0-0: Called Strike 0-1: Swinging Strike 0-2: Foul Ball, location: 2F 0-2: Ball 1-2: Strikes out swinging
|
Top of the 2nd over - 1 run, 1 hit, 0 errors, 3 left on base; Montreal 2 - New York 0 |
BOTTOM OF THE 2ND |
New York Yankees batting - Pitching for Montreal Expos : RHP Jose Robles
|
Batting: RHB Adriaan Pieters
|
0-0: Foul Ball, location: 2F 0-1: Ball 1-1: Foul Ball, location: 2F 1-2: Strikes out swinging, 2-3 out at first.
|
Batting: RHB Shiro Suehiro
|
0-0: Fly out, F9 (Line Drive, 9LM, EV 93.1 MPH)
|
Batting: LHB Joel Vera
|
0-0: Ball 1-0: Ball 2-0: Called Strike 2-1: Swinging Strike 2-2: Ball 3-2: Strikes out swinging
|
Bottom of the 2nd over - 0 runs, 0 hits, 0 errors, 0 left on base; Montreal 2 - New York 0 |
TOP OF THE 3RD |
Montreal Expos batting - Pitching for New York Yankees : LHP Arturo Eli
|
Batting: LHB Austin Ohmer
|
0-0: Called Strike 0-1: Swinging Strike 0-2: Fly out, F8 (Flyball, 8RXD, EV 100.6 MPH)
|
Batting: RHB Tommy Mize
|
0-0: Ball 1-0: Ball 2-0: Called Strike 2-1: SINGLE (Groundball, 4MS, EV 65.0 MPH) (infield hit)
|
Batting: RHB Tommie Eaton
|
0-0: Foul Ball, location: 2F 0-1: Foul Ball, location: 2F 0-2: Fly out, F4 (Line Drive, 4, EV 73.8 MPH)
|
Batting: RHB Shigem Kubo
|
0-0: Called Strike 0-1: Ball 1-1: Ball 2-1: Foul Ball, location: 2F 2-2: Foul Ball, location: 2F 2-2: Strikes out looking
|
Top of the 3rd over - 0 runs, 1 hit, 0 errors, 1 left on base; Montreal 2 - New York 0 |
BOTTOM OF THE 3RD |
New York Yankees batting - Pitching for Montreal Expos : RHP Jose Robles
|
Batting: RHB Russ Shambaugh
|
0-0: Swinging Strike 0-1: Called Strike 0-2: Ball 1-2: Strikes out swinging
|
Batting: SHB Victor Ruiz
|
0-0: Called Strike 0-1: Ball 1-1: Called Strike 1-2: Fly out, F9 (Flyball, 89S, EV 91.9 MPH)
|
Batting: RHB Geni Prawiranega
|
0-0: Ball 1-0: Ball 2-0: Ball 3-0: Base on Balls
|
Batting: LHB Jordan de Jesus
|
0-0: Ball 1-0: Foul Ball, location: 2F 1-1: SINGLE (Groundball, 34D, EV 101.2 MPH) Geni Prawiranega to second Runner from 2nd tries for 3rd, SAFE, throw by RF made to third Jordan de Jesus to second
|
Batting: RHB Henri Cederberg
|
0-0: Called Strike 0-1: Ball 1-1: Ground out 6-3 (Groundball, 6, EV 76.2 MPH)
|
Bottom of the 3rd over - 0 runs, 1 hit, 0 errors, 2 left on base; Montreal 2 - New York 0 |
TOP OF THE 4TH |
Montreal Expos batting - Pitching for New York Yankees : LHP Arturo Eli
|
Batting: SHB Joey Pacheco
|
0-0: Called Strike 0-1: Ball 1-1: Hit by Pitch
|
Batting: RHB Robby Juarez
|
0-0: Called Strike Joey Pacheco steals 2nd base 0-1: Ball 1-1: Foul Ball, location: 2F 1-2: Ground out 6-3 (Groundball, 6, EV 80.0 MPH) Joey Pacheco to third
|
Batting: RHB John Ham
|
0-0: Ball 1-0: Ball 2-0: Called Strike 2-1: Ball 3-1: Foul Ball, location: 2F 3-2: Base on Balls
|
Batting: RHB Mike Salmon
|
0-0: Called Strike 0-1: Foul Ball, location: 2F 0-2: Ball Wild Pitch! Joey Pacheco scores John Ham to second 1-2: Fly out, F8 (Flyball, 8RS, EV 88.1 MPH)
|
Batting: RHB Steve French
|
0-0: Swinging Strike 0-1: Swinging Strike 0-2: Ball 1-2: Ball 2-2: Strikes out swinging
|
Top of the 4th over - 1 run, 0 hits, 0 errors, 1 left on base; Montreal 3 - New York 0 |
BOTTOM OF THE 4TH |
New York Yankees batting - Pitching for Montreal Expos : RHP Jose Robles
|
Batting: LHB Jim Skare
|
0-0: Ball 1-0: Called Strike 1-1: Ball 2-1: Swinging Strike 2-2: Ball 3-2: Base on Balls
|
Batting: RHB Adriaan Pieters
|
0-0: Called Strike 0-1: Ball 1-1: Swinging Strike 1-2: Ball 2-2: Strikes out looking
|
Batting: RHB Shiro Suehiro
|
0-0: Ball 1-0: Ball 2-0: Foul Ball, location: 2F 2-1: Swinging Strike 2-2: Grounds into double play, 1-4-3 (Groundball, P, EV 66.9 MPH)
|
Bottom of the 4th over - 0 runs, 0 hits, 0 errors, 0 left on base; Montreal 3 - New York 0 |
TOP OF THE 5TH |
Montreal Expos batting - Pitching for New York Yankees : LHP Arturo Eli
|
Batting: LHB Austin Ohmer
|
0-0: Ground out 6-3 (Groundball, 6, EV 96.9 MPH)
|
Batting: RHB Tommy Mize
|
0-0: Ball 1-0: Called Strike 1-1: Foul Ball, location: 2F 1-2: Ball 2-2: Foul Ball, location: 2F 2-2: SINGLE (Line Drive, 9LS, EV 92.5 MPH)
|
Batting: RHB Tommie Eaton
|
0-0: Called Strike 0-1: Foul Ball, location: 2F 0-2: Foul Ball, location: 2F 0-2: Strikes out swinging
|
Pitching: RHP Chris McCoy
|
|
Batting: RHB Shigem Kubo
|
0-0: Called Strike 0-1: Called Strike 0-2: Foul Ball, location: 2F 0-2: Ball 1-2: Foul Ball, location: 2F 1-2: Ground out 4-3 (Groundball, 4MS, EV 86.9 MPH)
|
Top of the 5th over - 0 runs, 1 hit, 0 errors, 1 left on base; Montreal 3 - New York 0 |
BOTTOM OF THE 5TH |
New York Yankees batting - Pitching for Montreal Expos : RHP Jose Robles
|
Batting: LHB Joel Vera
|
0-0: Foul Ball, location: 2F 0-1: Ball 1-1: Called Strike 1-2: Ball 2-2: SINGLE (Line Drive, 7LS, EV 101.9 MPH)
|
Batting: RHB Russ Shambaugh
|
0-0: SINGLE (Flyball, 89S, EV 86.2 MPH) Joel Vera to second Runner from 2nd tries for 3rd, SAFE, throw by RF made to third
|
Batting: SHB Victor Ruiz
|
0-0: Called Strike Russ Shambaugh is caught stealing 2nd base 2-6 0-1: Ground out 5-3 (Groundball, 6, EV 94.4 MPH)
|
Batting: RHB Geni Prawiranega
|
0-0: Ball 1-0: Fly out, F7 (Flyball, 7, EV 94.4 MPH)
|
Bottom of the 5th over - 0 runs, 2 hits, 0 errors, 1 left on base; Montreal 3 - New York 0 |
TOP OF THE 6TH |
Montreal Expos batting - Pitching for New York Yankees : RHP Chris McCoy
|
Batting: SHB Joey Pacheco
|
0-0: Ball 1-0: Called Strike 1-1: Ball 2-1: Ball 3-1: Called Strike 3-2: Foul Ball, location: 2F 3-2: Base on Balls
|
Batting: RHB Robby Juarez
|
0-0: Ball 1-0: Sac Bunt to 3S - play at first, batter OUT! 3-1 Joey Pacheco to second
|
Batting: RHB John Ham
|
0-0: Foul Ball, location: 2F 0-1: Ball 1-1: Ball 2-1: Ball 3-1: Fly out, F7 (Flyball, 78M, EV 85.0 MPH)
|
Batting: RHB Mike Salmon
|
0-0: Intentional Walk
|
Batting: RHB Steve French
|
0-0: Ball 1-0: Foul Ball, location: 2F 1-1: 3-RUN HOME RUN (Line Drive, 78XD, EV 106.9 MPH), Distance : 411 ft
|
Batting: LHB Austin Ohmer
|
0-0: Foul Ball, location: 2F 0-1: Foul Ball, location: 2F 0-2: Ball 1-2: Ball 2-2: Strikes out swinging
|
Top of the 6th over - 3 runs, 1 hit, 0 errors, 0 left on base; Montreal 6 - New York 0 |
BOTTOM OF THE 6TH |
New York Yankees batting - Pitching for Montreal Expos : RHP Jose Robles
|
Batting: LHB Jordan de Jesus
|
0-0: Ball 1-0: Ball 2-0: Ground out 4-3 (Groundball, 4, EV 83.1 MPH)
|
Batting: RHB Henri Cederberg
|
0-0: Called Strike 0-1: Called Strike 0-2: Ball 1-2: Fly out, F8 (Line Drive, 8RD, EV 85.0 MPH)
|
Batting: LHB Jim Skare
|
0-0: Swinging Strike 0-1: Called Strike 0-2: Ground out 6-3 (Groundball, 56, EV 85.0 MPH)
|
Bottom of the 6th over - 0 runs, 0 hits, 0 errors, 0 left on base; Montreal 6 - New York 0 |
TOP OF THE 7TH |
Montreal Expos batting - Pitching for New York Yankees : RHP Chris McCoy
|
Batting: RHB Tommy Mize
|
0-0: Called Strike 0-1: Ball 1-1: Ball 2-1: Ball 3-1: Foul Ball, location: 2F 3-2: Reached on error, E5 (Groundball, 56, EV 103.1 MPH)
|
Batting: RHB Tommie Eaton
|
0-0: Called Strike 0-1: Ball 1-1: Swinging Strike 1-2: Ball 2-2: SINGLE (Line Drive, 6M, EV 107.5 MPH) Tommy Mize to second
|
Batting: RHB Shigem Kubo
|
0-0: Ball 1-0: Foul Ball, location: 2F 1-1: Grounds into double play, 1-6-3 (Groundball, 13S, EV 61.2 MPH) Tommy Mize to third
|
Pitching: LHP Robert Cruz
|
|
Batting: SHB Joey Pacheco
|
0-0: Ball 1-0: Ball 2-0: Ball 3-0: Base on Balls
|
Batting: RHB Robby Juarez
|
0-0: Called Strike 0-1: Ball 1-1: Fly out, F7 (Flyball, 78M, EV 95.0 MPH)
|
Top of the 7th over - 0 runs, 1 hit, 1 error, 2 left on base; Montreal 6 - New York 0 |
BOTTOM OF THE 7TH |
New York Yankees batting - Pitching for Montreal Expos : RHP Jose Robles
|
Batting: RHB Adriaan Pieters
|
0-0: Foul Ball, location: 2F 0-1: Ball 1-1: Called Strike 1-2: Ball 2-2: SINGLE (Groundball, P, EV 87.5 MPH) (infield hit)
|
Batting: RHB Shiro Suehiro
|
0-0: Called Strike 0-1: Ball 1-1: Foul Ball, location: 2F 1-2: Ball 2-2: Foul Ball, location: 2F 2-2: Ball 3-2: Ground out 4-3 (Groundball, 4, EV 77.5 MPH) Adriaan Pieters to second
|
Batting: LHB Joel Vera
|
0-0: Fly out, F9 (Flyball, 9, EV 91.2 MPH)
|
Batting: RHB Russ Shambaugh
|
0-0: Called Strike 0-1: Swinging Strike 0-2: Ball Wild Pitch! Adriaan Pieters to third 1-2: Strikes out swinging
|
Bottom of the 7th over - 0 runs, 1 hit, 0 errors, 1 left on base; Montreal 6 - New York 0 |
TOP OF THE 8TH |
Montreal Expos batting - Pitching for New York Yankees : LHP Robert Cruz
|
Batting: RHB John Ham
|
0-0: Called Strike 0-1: SOLO HOME RUN (Flyball, 7D, EV 105.6 MPH), Distance : 412 ft
|
Batting: RHB Mike Salmon
|
0-0: Ball 1-0: Swinging Strike 1-1: Ball 2-1: Foul Ball, location: 2F 2-2: Ball 3-2: Base on Balls
|
Batting: RHB Steve French
|
0-0: Called Strike 0-1: Ball 1-1: Ball 2-1: Swinging Strike 2-2: Foul Ball, location: 2F 2-2: Strikes out swinging
|
Batting: LHB Austin Ohmer
|
0-0: Foul Ball, location: 2F 0-1: Fielders Choice at 2nd, 4-6 (Groundball, 34, EV 82.5 MPH)
|
Batting: RHB Tommy Mize
|
0-0: Called Strike 0-1: SINGLE (Groundball, 6MD, EV 109.4 MPH) Austin Ohmer to second Runner from 2nd tries for 3rd, SAFE, throw by CF made to third
|
Batting: RHB Tommie Eaton
|
0-0: Called Strike 0-1: Fly out, F9 (Flyball, 9, EV 90.6 MPH)
|
Top of the 8th over - 1 run, 2 hits, 0 errors, 2 left on base; Montreal 7 - New York 0 |
BOTTOM OF THE 8TH |
New York Yankees batting - Pitching for Montreal Expos : RHP Jose Robles
|
Batting: SHB Victor Ruiz
|
0-0: Called Strike 0-1: Ball 1-1: Swinging Strike 1-2: Fly out, F6 (Popup, 6MD, EV 64.4 MPH)
|
Batting: RHB Geni Prawiranega
|
0-0: Ball 1-0: Ball 2-0: Called Strike 2-1: Foul Ball, location: 2F 2-2: Foul Ball, location: 2F 2-2: TRIPLE (Flyball, 89XD, EV 106.9 MPH)
|
Batting: LHB Jordan de Jesus
|
0-0: Called Strike 0-1: Foul Ball, location: 2F 0-2: Ball 1-2: Strikes out swinging
|
Pitching: LHP Tris Ross
|
|
Batting: RHB Henri Cederberg
|
0-0: Ball 1-0: Called Strike 1-1: Ball 2-1: Foul Ball, location: 2F 2-2: Foul Ball, location: 2F 2-2: Fly out, F8 (Flyball, 8LS, EV 92.5 MPH)
|
Bottom of the 8th over - 0 runs, 1 hit, 0 errors, 1 left on base; Montreal 7 - New York 0 |
TOP OF THE 9TH |
Montreal Expos batting - Pitching for New York Yankees : LHP Robert Cruz
|
Batting: RHB Shigem Kubo
|
0-0: Ball 1-0: Ball 2-0: Ball 3-0: Base on Balls
|
Batting: SHB Joey Pacheco
|
0-0: Called Strike Shigem Kubo steals 2nd base 0-1: Ball 1-1: Ground out 6-3 (Groundball, 56, EV 103.1 MPH)
|
Batting: RHB Robby Juarez
|
0-0: Ball 1-0: Ball 2-0: Called Strike 2-1: Ground out 6-3 (Groundball, 56, EV 88.1 MPH)
|
Batting: RHB John Ham
|
0-0: Swinging Strike 0-1: Ball 1-1: Fly out, F8 (Flyball, 8LM, EV 87.5 MPH)
|
Top of the 9th over - 0 runs, 0 hits, 0 errors, 1 left on base; Montreal 7 - New York 0 |
BOTTOM OF THE 9TH |
New York Yankees batting - Pitching for Montreal Expos : LHP Tris Ross
|
Batting: LHB Jim Skare
|
0-0: Ball 1-0: Foul Ball, location: 2F 1-1: Swinging Strike 1-2: Strikes out looking
|
Batting: RHB Adriaan Pieters
|
0-0: Ball 1-0: SINGLE (Groundball, 56D, EV 111.9 MPH) (infield hit)
|
Batting: RHB Shiro Suehiro
|
0-0: Ball 1-0: TRIPLE (Flyball, 89XD, EV 90.0 MPH) Adriaan Pieters scores
|
Batting: LHB Joel Vera
|
0-0: Called Strike 0-1: Ground out 5-3 (Groundball, 56D, EV 91.2 MPH) Shiro Suehiro scores
|
Batting: RHB Russ Shambaugh
|
0-0: Ball 1-0: Called Strike 1-1: Called Strike 1-2: Strikes out looking
|
Bottom of the 9th over - 2 runs, 2 hits, 0 errors, 0 left on base; Montreal 7 - New York 2 |
|